 Dungeon Crawl Stone Soup version 0.31-a0-740-g87205ac768 (webtiles) character file.

Game seed: 6643141537216918529

15 Ge0ff the Magician (level 2, -1/26 HPs)
             Began as a Troll Hedge Wizard on Sept 12, 2023.
             Slain by a gnoll
             ... wielding a +0 club
              (5 damage)
             ... on level 1 of the Dungeon.
             The game lasted 00:01:08 (252 turns).

Ge0ff the Magician (Troll Hedge Wizard)              Turns: 252, Time: 00:01:09

Health: -1/26      AC:  4    Str: 17    XL:     2   Next: 34%
Magic:  4/4        EV:  9    Int: 10    God:
Gold:   0          SH:  0    Dex:  9    Spells: 4/5 levels left

rFire   . .          .
                       - Unarmed
rCold   . . .        (no shield)
rNeg    . . .        b - +0 robe
rPois   .            c - +0 hat
rElec   .            (no cloak)
rCorr   .            (gloves unavailable)
SInv    .            (boots unavailable)
Will    .....        P - amulet of magic regeneration
Stlth   +            (no ring)
HPRegen 1.04/turn    (no ring)
MPRegen 0.49/turn

%: no passive effects
@: no status effects
A: large, unfitting armour, claws 3, regeneration 1, shaggy fur 1, tough skin 1
a: no special abilities


You were on level 1 of the Dungeon.
You visited 1 branch of the dungeon, and saw 2 of its levels.

Inventory:

Hand Weapons
 L - a +0 sling
Missiles
 N - 2 stones
Armour
 b - a +0 robe (worn)
 c - a +0 hat (worn)
Jewellery
 P - an amulet of magic regeneration (around neck)
Scrolls
 M - a scroll of poison {unknown}
 O - 2 scrolls of teleportation {unknown}
Potions
 K - a potion of magic {!q}


   Skills:
 + Level 0.7 Fighting
 - Level 1.5 Dodging
 - Level 1.0 Stealth
 * Level 1.6 Unarmed Combat
 - Level 2.0 Spellcasting
 - Level 0.6 Conjurations
 - Level 0.6 Summonings
 - Level 0.6 Translocations


You had 4 spell levels left.
You knew the following spells:

 Your Spells              Type           Power      Damage    Failure   Level
k - Magic Dart            Conj           8%         1d3       24%         1

Your spell library contained the following spells:

 Spells                   Type           Power      Damage    Failure   Level
 Slow                     Hex            4%         N/A       30%         1
 Blink                    Tloc           4%         N/A       36%         2
 Call Imp                 Summ           4%         N/A       36%         2
 Cigotuvi's Dreadful Rot  Necr/Pois/Air  2%         N/A       43%         2
 Mephitic Cloud           Conj/Pois/Air  1%         N/A       65%         3


Dungeon Overview and Level Annotations

Branches:
Dungeon (2/15) Zot: 11748

Altars:


Innate Abilities, Weirdness & Mutations

You are too large for most types of armour.
You have claws for hands.
Your natural rate of healing is unusually fast.
You are covered in fur. (AC +1)
You have tough skin. (AC +1)


Message History

The dart slug launches a dart at you. The slug dart hits you.
The endoplasm barely misses you.
You completely miss the endoplasm. The endoplasm hits you.
You scratch the endoplasm.
You kill the endoplasm!
You scratch the dart slug.
The dart slug is lightly wounded.
The dart slug bites you but does no damage.
You claw the dart slug!
The dart slug is almost dead.
You scratch the dart slug.
You kill the dart slug!
You see here a dart slug corpse.
HP restored.
A gnoll comes into view. It is wielding a +0 club.
You scratch the gnoll but do no damage. You scratch the gnoll but do no damage.
The gnoll barely misses you.
You barely miss the gnoll. The gnoll hits you with a +0 club.
You scratch the gnoll.
The gnoll is heavily wounded.
The gnoll hits you with a +0 club.
A rat comes into view.
You are too injured to fight recklessly!
You are too injured to fight recklessly!
You are too injured to fight recklessly!
You barely miss the gnoll.
The gnoll is heavily wounded.
The gnoll hits you but does no damage.
You barely miss the gnoll.
The gnoll is heavily wounded.
The gnoll hits you with a +0 club.
You scratch the gnoll. Your claw misses the gnoll.
The gnoll is heavily wounded.
The gnoll hits you with a +0 club!
You closely miss the gnoll.
The gnoll is heavily wounded.
The gnoll hits you with a +0 club.
* * * LOW HITPOINT WARNING * * *
You scratch the gnoll.
The gnoll is severely wounded.
The gnoll closely misses you.
The rat twitches its whiskers.
You closely miss the gnoll.
The gnoll is severely wounded.
The gnoll hits you with a +0 club.
* * * LOW HITPOINT WARNING * * *
You scratch the gnoll.
The gnoll is almost dead.
The gnoll hits you with a +0 club.
You die...

#######.####.##...
....#....#........ ...
......#..#.......# .. .
.##..............# .. ..
....#.#........... . ..
...............# .#.#
...........)..# #...#..
.............####g......
).......###....#@r......
........# #).†..........
......### #.............
......# #.........##..
......## ###.....### .
.......## ##..#...#
........###......##
.....>#.....#.##.#
.........####.# .#


You could see a gnoll and a rat.

Vanquished Creatures
  A dart slug (D:1)
  3 ball pythons
  An endoplasm (D:1)
  3 jackals (D:1)
  A quokka (D:2)
  A goblin (D:1)
  2 rats
12 creatures vanquished.

Notes
Turn   | Place    | Note
-------+----------+-------------------------------------------
     0 | D:1      | Ge0ff the Troll Hedge Wizard began the quest for the Orb.
     0 | D:1      | Reached XP level 1. HP: 16/16 MP: 2/2
    74 | D:1      | Reached skill level 1 in Unarmed Combat
   105 | D:1      | You fall into a shaft and drop 1 floor!
   161 | D:2      | Reached XP level 2. HP: 25/26 MP: 4/4
   252 | D:1      | Slain by a gnoll

Illustrated notes

Levels and vault maps discovered:
D:1:      lightli_arrival_statue_moat, layout_rooms
D:2:      layout_loops_ring, serial_rivers, chequers_serial_rivers_large_b,
          chequers_serial_rivers_micro_e, chequers_serial_rivers_micro_b,
          chequers_serial_rivers_room_a, chequers_serial_rivers_micro_b,
          basic_altar, serial_shops, shop, kennysheep_generic_room_15

Skill      XL: |  1 |
---------------+----+-----
Unarmed Combat | 1 |  1.6
Fighting       | |  0.7
Dodging        | |  1.5
Stealth        | |  1.0
Spellcasting   | |  2.0
Conjurations   | |  0.6
Summonings     | |  0.6
Translocations | |  0.6

Action                     || total
---------------------------++-------
  Melee: Unarmed           ||    40
   Cast: Magic Dart        ||     1
   Stab: Sleeping          ||     1
 Armour: Robe              ||    22
  Dodge: Dodged            ||    10

Table legend: (Time is in decaauts)
 A = Elapsed time spent in this place.
 B = Non-inter-level travel time spent in this place.
 C = Inter-level travel time spent in this place.
 D = Time resting spent in this place.
 E = Time spent auto-exploring this place.
 F = Levels seen in this place.
 G = Mean time per level.
                   A        B        C        D        E       F      G
               +--------+--------+--------+--------+--------+-----+--------+
         Total |    251 |    241 |     10 |      0 |    112 |   2 |  125.5 |
       Dungeon |    251 |    241 |     10 |      0 |    112 |   2 |  125.5 |
               +--------+--------+--------+--------+--------+-----+--------+

Top non-repeatable levels by time:
     D:1: 159 daAuts
     D:2: 91 daAuts
